 Dungeon Crawl Stone Soup version 0.31.0-4-g52a2dc7128 (webtiles) character file.

Game seed: 15211530668828057031

123 hawla the Firebug (level 4, -4/24 HPs)
             Began as a Deep Elf Fire Elementalist on Jan 22, 2024.
             Slain by a black bear (5 damage)
             ... on level 3 of the Dungeon.
             The game lasted 00:09:33 (1922 turns).

hawla the Firebug (Deep Elf Fire Elementalist)      Turns: 1922, Time: 00:09:34

Health: -4/24      AC:  2    Str:  7    XL:     4   Next: 79%
Magic:  12/12      EV: 13    Int: 20    God:
Gold:   66         SH:  0    Dex: 15    Spells: 8/11 levels left

rFire   . . .        j - +0 dagger (venom)
rCold   . . .        (no shield)
rNeg    . . .        a - +0 robe
rPois   .            (no helmet)
rElec   .            (no cloak)
rCorr   .            (no gloves)
SInv    .            (no boots)
Will    .....        (no amulet)
Stlth   ++           (no ring)
HPRegen 0.24/turn    (no ring)
MPRegen 0.13/turn

%: no passive effects
@: no status effects
A: no striking features
a: no special abilities


You were on level 3 of the Dungeon.
You visited 1 branch of the dungeon, and saw 3 of its levels.

You collected 66 gold pieces.

Inventory:

Hand Weapons
 e - a +0 long sword of draining
 j - a +0 dagger of venom (weapon)
Armour
 a - a +0 robe (worn)
Wands
 l - a wand of iceblast (7) (quivered)
Scrolls
 d - a scroll of identify
 f - a scroll of teleportation
 k - a scroll of immolation {unknown}
 n - 3 scrolls of torment
Potions
 b - 2 potions of magic
 c - a potion of enlightenment {unknown}
 h - a potion of ambrosia {unknown}
 i - a potion of degeneration {unknown}
 m - a potion of brilliance {unknown}
 o - a potion of invisibility {unknown}


   Skills:
 + Level 0.9(1.2) Short Blades
 + Level 1.0(1.1) Long Blades
 - Level 3.4 Dodging
 - Level 2.4 Stealth
 - Level 4.0 Spellcasting
 - Level 2.1 Conjurations
 + Level 4.1 Fire Magic
 - Level 1.0 Evocations


You had 8 spell levels left.
You knew the following spells:

 Your Spells              Type           Power      Damage    Failure   Level
a - Foxfire               Conj/Fire      64%        2x1d7     3%          1
b - Scorch                Fire           40%        2d6       3%          2

Your spell library contained the following spells:

 Spells                   Type           Power      Damage    Failure   Level
 Sting                    Conj/Alch      32%        1d5       9%          1
 Apportation              Tloc           8%         N/A       13%         1
 Necrotise                Necr           16%        1d4       13%         1
 Summon Small Mammal      Summ           16%        N/A       13%         1
 Inner Flame              Hex/Fire       12%        N/A       16%         3
 Volatile Blastmotes      Fire/Tloc      24%        2d12      16%         3
 Flame Wave               Conj/Fire      16%        2d7       34%         4


Dungeon Overview and Level Annotations

Branches:
Dungeon (3/15)

Altars:

Shops:
D:2 [[!


Message History

You are too injured to fight recklessly!
Casting: Scorch (safe; 3% risk of failure)
Confirm with . or Enter, or press ? or * to list all spells.
Flames lash Natasha.
You kill Natasha!
Natasha screams in pain as she dies!
Training target 1.0 for Evocations reached!
Your Long Blades skill increases to level 1!
Your Evocations skill increases to level 1!
You now have enough gold to buy a potion of might on D:2.
You can access your shopping list by pressing '$'.
You now have 66 gold pieces (gained 13).
Found a ring mail.
A black bear comes into view.
You see here a scroll of identify.
d - a scroll of identify The helpless black bear fails to defend itself.
You puncture the black bear!
The black bear looks as sick as possible!
The black bear is heavily wounded.
You hit the black bear but do no damage.
The black bear looks as sick as possible!
The black bear is heavily wounded.
The black bear bites you.
The black bear claws you but does no damage. x2
You barely miss the black bear.
The black bear is severely wounded.
The black bear goes berserk!
The black bear attacks as it pursues you!
The black bear bites you! The black bear misses you. The black bear claws you.
The black bear misses you. x2; The black bear closely misses you.
You barely miss the black bear.
The black bear is severely wounded.
The black bear bites you. The black bear claws you!
* * * LOW HITPOINT WARNING * * *
The black bear closely misses you.
You feel better. The black bear bites you.
* * * LOW HITPOINT WARNING * * *
The black bear claws you.
You die...

#### #.# #...##..## ###
.....#[###.####..#
####..
....#..........####.....
.............###.......
#.......####........
#....#### #..####.##
#.#### #. ##.†.# #...###
#....# #..@h.#
...#....## #......#
........## #.###..#
...####### #.# ...#....
#. #.. ...#... ... #..
...... .... ## ######
#####


You could see a black bear (berserk, very poisoned).

Vanquished Creatures
  Natasha (twice) (D:3)
  2 adders (D:2)
  2 ribbon worms (D:3)
  2 dart slugs
  5 endoplasms
  A giant cockroach (D:3)
  6 goblins
  5 hobgoblins
  4 jackals
  2 ball pythons
  6 bats
  4 frilled lizards
  4 kobolds
  2 rats
47 creatures vanquished.

Vanquished Creatures (others)
  73 foxfires
73 creatures vanquished.

Grand Total: 120 creatures vanquished

Notes
Turn   | Place    | Note
-------+----------+-------------------------------------------
     0 | D:1      | hawla the Deep Elf Fire Elementalist began the quest for
                  | the Orb.
     0 | D:1      | Reached XP level 1. HP: 10/10 MP: 6/6
    83 | D:1      | Reached XP level 2. HP: 15/15 MP: 0/8
   406 | D:1      | Learned a level 2 spell: Scorch
   997 | D:2      | Found Qopluh's Antique Armour Emporium.
  1038 | D:2      | Reached XP level 3. HP: 19/19 MP: 7/10
  1132 | D:2      | Found Ruwoqear's Distillery.
  1348 | D:2      | Found Ufumef's Armour Shoppe.
  1404 | D:2      | Found a faded altar of an unknown god.
  1727 | D:3      | Noticed Natasha
  1738 | D:3      | Killed Natasha
  1739 | D:3      | Reached XP level 4. HP: 7/24 MP: 12/12
  1828 | D:3      | Noticed Natasha
  1839 | D:3      | Killed Natasha
  1840 | D:3      | Reached skill level 1 in Long Blades
  1840 | D:3      | Reached skill level 1 in Evocations
  1912 | D:3      | Noticed a black bear
  1922 | D:3      | HP: 1/24 [black bear (6)]
  1922 | D:3      | Slain by a black bear

Illustrated notes

Levels and vault maps discovered:
D:1:      lightli_arrival_farm, layout_loops_ring
D:2:      layout_rooms, serial_shops, nicolae_shop_industrial_runoff,
          nicolae_shop_tiny_waterfront, shop, hellmonk_ecumenical_altar_lost_god
D:3:      minmay_recursive_quarters, layout_rooms,
          nicolae_overflow_hidden_temple, uniq_natasha

Skill      XL: |  1  2  3  4 |
---------------+-------------+-----
Dodging        | 3 |  3.4
Conjurations   | 2 |  2.1
Spellcasting   | 4 |  4.0
Fire Magic     | 4 |  4.1
Long Blades    | 1 |  1.0
Evocations     | 1 |  1.0
Short Blades   | |  0.9
Stealth        | |  2.4

Action                     |  1- 3 |  4- 6 || total
---------------------------+-------+-------++-------
  Melee: Unarmed           |     8 |       ||     8
         Dagger            |     7 |    29 ||    36
         Long sword        |     3 |       ||     3
         Punch             |     1 |       ||     1
   Cast: Foxfire           |    44 |       ||    44
         Scorch            |     8 |     1 ||     9
    Use: Scroll            |     8 |       ||     8
         Potion            |       |     3 ||     3
   Stab: Sleeping          |     2 |     1 ||     3
 Armour: Robe              |     7 |    29 ||    36
  Dodge: Dodged            |    14 |    23 ||    37
